 Dungeon Crawl Stone Soup version 0.31-a0-631-g285b096dc4 (webtiles) character file.

Game seed: 273697131957027324

48 inmateoo the Chopper (level 3, -9/34 HPs)
             Began as a Hill Orc Cinder Acolyte on Aug 26, 2023.
             Was an Initiate of Yredelemnul.
             Mangled by a fire elemental (11 damage)
             ... created by the fiery vengeance of Ignis
             ... on level 4 of the Dungeon.
             The game lasted 00:03:12 (941 turns).

inmateoo the Chopper (Hill Orc Cinder Acolyte)       Turns: 941, Time: 00:03:12

Health: -9/34      AC:  3    Str: 15 (18) XL:     3   Next: 72%
Magic:  4/4        EV: 11    Int: 13 (14) God:    Yredelemnul [......]
Gold:   39         SH:  0    Dex:  5 (6)  Spells: 4/4 levels left

rFire   . . .        j - +0 war axe
rCold   . . .        (no shield)
rNeg    . . .        e - +0 leather armour
rPois   .            (no helmet)
rElec   .            (no cloak)
rCorr   .            (no gloves)
SInv    .            (no boots)
Will    .....        (no amulet)
Stlth   +            (no ring)
HPRegen 0.25/turn    (no ring)
MPRegen 0.09/turn

%: no passive effects
@: hasted, fire susceptible, very quick
A: no striking features
a: Renounce Religion, Recall Undead Harvest


You were on level 4 of the Dungeon.
You worshipped Yredelemnul.
Yredelemnul was noncommittal.
You visited 2 branches of the dungeon, and saw 4 of its levels.

You collected 39 gold pieces.

Inventory:

Hand Weapons
 j - a +0 war axe (weapon)
Armour
 e - a +0 leather armour (worn)
Potions
 f - a potion of curing {unknown}
 g - a potion of heal wounds {unknown}
 i - a potion of magic {unknown}


   Skills:
 * Level 4.4 Fighting
 * Level 4.7 Axes
 + Level 1.1 Armour
 + Level 0.7 Dodging
 - Level 1.0 Spellcasting
 - Level 3.2 Fire Magic


You had 4 spell levels left.
You didn't know any spells.
Your spell library contained the following spells:

 Spells                   Type           Power      Damage    Failure   Level
 Scorch                   Fire           18%        2d5       14%         2
 Kiss of Death            Conj/Necr      0%         2d5       34%         1
 Confusing Touch          Hex            0%         N/A       71%         3
 Dispel Undead            Necr           0%         3d6       98%         4


Dungeon Overview and Level Annotations

Branches:
Dungeon (4/15)             Temple (1/1) D:4

Altars:
Ashenzari
Cheibriados
Dithmenos
Elyvilon
Fedhas
Gozag
Kikubaaqudgha
Makhleb
Nemelex Xobeh
Okawaru
Qazlal
Sif Muna
Trog
Vehumet
Wu Jian
Yredelemnul
The Shining One


Message History

You kill the orc!
Things that are here:
a +0 club; a +0 leather armour; a +0 war axe
j - a +0 war axe Your -1 hand axe of flaming stops flaming.
j - a +0 war axe (weapon)
You drop a -1 hand axe of flaming.
You start resting.
You start resting.
HP restored.
Things that are here:
a +0 club; a +0 leather armour You now have 39 gold pieces (gained 3). "Attack, my last stalwart servants!" 2 fire elementals come into view.
As you read the scroll labelled LOMOWETSOU, it crumbles to dust.
The air around you briefly surges with heat, but it dissipates.
It was a scroll of immolation.
The fire elemental barely misses you.
The air fills with toxic fumes!
As you read the scroll labelled QOLLAI COIKLO, it crumbles to dust.
It was a scroll of poison.
The fire elemental hits you. The fire elemental burns you!
Okay, then.
You aren't carrying any scrolls.
Unknown command.
You aren't carrying any scrolls.
Unknown command.
It was a potion of degeneration.
There was something very wrong with that liquid.
You feel weakened.
You feel dopey.
You feel clumsy. The fire elemental hits you. The fire elemental burns you!
The fire elemental closely misses you.
It was a potion of haste.
You feel yourself speed up. The fire elemental hits you.
The fire elemental burns you!
* * * LOW HITPOINT WARNING * * *
The fire elemental hits you.
* * * LOW HITPOINT WARNING * * *
The fire elemental burns you!
You die...
Your body rises from the dead as a mindless zombie.

#<.. #o ### ....
#§§ S... #§# . .#
#§# #. #E# #.##
#@# ..S #E# ###
#°# #.# #§# #
#§############## #
#§##...........# #
#§##.#########.###
#.##.# #.##.


You could see 2 fire elementals.

Vanquished Creatures
  An adder (D:4)
  2 orcs (D:4)
  5 bats
  6 endoplasms (D:1)
  3 giant cockroaches (D:1)
  2 goblins (D:1)
  3 hobgoblins (D:1)
  A quokka (D:1)
  4 ball pythons
  A frilled lizard (D:1)
  3 kobolds (D:1)
  4 rats (D:1)
35 creatures vanquished.

Vanquished Creatures (others)
  An adder zombie (D:4)
1 creature vanquished.

Grand Total: 36 creatures vanquished

Notes
Turn   | Place    | Note
-------+----------+-------------------------------------------
     0 | D:1      | inmateoo the Hill Orc Cinder Acolyte began the quest for
                  | the Orb.
     0 | D:1      | Reached XP level 1. HP: 19/19 MP: 2/2
   172 | D:1      | Reached XP level 2. HP: 25/27 MP: 3/3
   197 | D:1      | Found a faded altar of an unknown god.
   205 | D:1      | Prayed at the altar of an unknown god.
   205 | D:1      | Fell from the grace of Ignis
   205 | D:1      | Became a worshipper of Elyvilon the Healer
   205 | D:1      | Reached * piety under Elyvilon
   297 | D:1      | Fell from the grace of Elyvilon
   371 | D:1      | Reached XP level 3. HP: 33/33 MP: 4/4
   630 | D:2      | You fall into a shaft and drop 2 floors!
   662 | D:4      | Found a staircase to the Ecumenical Temple.
   671 | Temple   | Entered the Ecumenical Temple
   719 | Temple   | Became a worshipper of Yredelemnul the Dark
   821 | D:4      | Reached skill level 1 in Armour
   937 | D:4      | Noticed a fire elemental
   937 | D:4      | Noticed a fire elemental
   941 | D:4      | Mangled by a fire elemental

Illustrated notes

Levels and vault maps discovered:
D:1:      saegor_arrival_simple_a, layout_rooms,
          dreamdust_ecumenical_altar_hidden_monk_grotto
D:2:      layout_basic, minmay_tromino_mix6
D:4:      layout_loops_ring, minmay_temple_entry_hall
Temple:   minmay_crystal_spiral_temple

Skill      XL: |  1  2  3 |
---------------+----------+-----
Fighting       | 4 |  4.4
Armour         | 1 |  1.1
Axes           | |  4.7
Dodging        | |  0.7
Spellcasting   | |  1.0
Fire Magic     | |  3.2

Action                     || total
---------------------------++-------
  Melee: Hand axe          ||   107
         Punch             ||     2
 Invoke: Renounce Religion ||     1
    Use: Scroll            ||     2
         Potion            ||     2
 Armour: Robe              ||     3
         Leather armour    ||    31
  Dodge: Dodged            ||    85

Table legend: (Time is in decaauts)
 A = Elapsed time spent in this place.
 B = Non-inter-level travel time spent in this place.
 C = Inter-level travel time spent in this place.
 D = Time resting spent in this place.
 E = Time spent auto-exploring this place.
 F = Levels seen in this place.
 G = Mean time per level.
                   A        B        C        D        E       F      G
               +--------+--------+--------+--------+--------+-----+--------+
         Total |    949 |    835 |    114 |    107 |    386 |   4 |  237.2 |
       Dungeon |    851 |    832 |     19 |    107 |    386 |   3 |  283.7 |
        Temple |     97 |      2 |     95 |      0 |      0 |   1 |   97.0 |
               +--------+--------+--------+--------+--------+-----+--------+

Top non-repeatable levels by time:
     D:1: 591 daAuts
     D:4: 213 daAuts
  Temple: 97 daAuts
     D:2: 46 daAuts
